 Dungeon Crawl Stone Soup version 0.31.0-1-g2c135a008e (webtiles) character file.

Game seed: 5529589778915147834

84 EnegeticOcto the Ruffian (level 4, 0/44 HPs)
             Began as a Troll Delver on Jan 20, 2024.
             Slain by a sleepcap (7 damage)
             ... on level 5 of the Dungeon.
             The game lasted 00:00:27 (39 turns).

EnegeticOcto the Ruffian (Troll Delver)               Turns: 39, Time: 00:00:27

Health: 0/44       AC:  4    Str: 22    XL:     4   Next: 24%
Magic:  3/3        EV:  9    Int:  6    God:
Gold:   0          SH:  0    Dex: 11    Spells: 3/3 levels left

rFire   . .          .
                       - Unarmed
rCold   . . .        (no shield)
rNeg    . . .        a - +0 robe
rPois   .            (helmet restricted)
rElec   .            (no cloak)
rCorr   .            (gloves unavailable)
SInv    .            (boots unavailable)
Will    .....        (no amulet)
Stlth   +            (no ring)
HPRegen 1.07/turn    (no ring)
MPRegen 0.08/turn

%: no passive effects
@: confused
A: large, unfitting armour, claws 3, regeneration 1, shaggy fur 1, tough skin 1
a: no special abilities


You were on level 5 of the Dungeon.
You visited 1 branch of the dungeon, and saw 1 of its levels.

Inventory:

Armour
 a - a +0 robe (worn)
Wands
 f - a wand of digging (3) {@v3}
Scrolls
 b - a scroll of fog {!r}
 d - a scroll of fear {!r}
 g - a scroll of vulnerability {unknown}
Potions
 e - a potion of haste {@q4 !q}


   Skills:
 - Level 2.4 Fighting
 - Level 1.5 Dodging
 - Level 2.7 Stealth
 + Level 4.5 Unarmed Combat


You had 3 spell levels left.
You didn't know any spells.
Your spell library was empty.

Dungeon Overview and Level Annotations

Branches:
Dungeon (5/15) Zot: 5960
 Temple: D:4-7

Altars:


Innate Abilities, Weirdness & Mutations

You are too large for most types of armour.
You have claws for hands.
Your natural rate of healing is unusually fast.
You are covered in fur. (AC +1)
You have tough skin. (AC +1)


Message History

Welcome, EnegeticOcto the Troll Delver.
A smirking vizier told you that the Orb of Zot is just within this dungeon.
Press ? for a list of commands and other information.
Found a scroll labelled ZOHODOALU GAGH.
Found a stone staircase leading down.
g - a scroll labelled ZOHODOALU GAGH You open the door.
Really read
c - a scroll of revelation {@r5 !r}?
As you read the scroll of revelation {@r5 !r}, it crumbles to dust.
You feel aware of your surroundings.
An iguana, a hound, an ogre and an adder come into view.
The ogre moves out of view.
Found 2 emerald potions.
An orc wizard comes into view. It is wielding a +0 dagger.
The orc wizard shouts!
The adder hisses angrily.
The iguana hisses angrily.
The ogre shouts!
You claw the adder!
The adder is severely wounded.
The adder bites you.
You miss the adder.
The adder is severely wounded.
The adder bites you but does no damage. The adder bites you.
You barely miss the adder.
The adder is severely wounded.
The adder barely misses you.
You barely miss the adder.
The adder is severely wounded.
The adder closely misses you.
You closely miss the adder.
The adder is severely wounded.
The orc wizard mumbles some strange words.
The orc wizard flickers and vanishes!
Deactivating autopickup; reactivate with Ctrl-A.
You closely miss the ogre. You scratch the ogre.
The ogre is moderately wounded.
The ogre hits you with a +0 giant club!!
Ouch! That really hurt!
* * * LOW HITPOINT WARNING * * *
You are too injured to fight recklessly!
You scratch the ogre.
The ogre is moderately wounded.
The ogre barely misses you.
You claw the ogre!
The ogre is severely wounded.
You claw the ogre!
The ogre is almost dead.
The ogre barely misses you.
You claw the ogre!
You kill the ogre!
Your Unarmed Combat skill gained 2 levels and is now at level 4!
You have reached level 2!
You have reached level 3!
Your experience leads to an increase in your attributes!
Increase (s)trength, (i)ntelligence, or (d)exterity?
You feel stronger. x3
You have reached level 4!
Something hits you but does no damage.
A sleepcap comes into view.
You completely miss something. Something hits you.
You miss something.
You hear some strange, mumbled words.
You are confused.
You bump into the rock wall.
Something hits you.
You claw something! Something hits you.
* * * LOW HITPOINT WARNING * * *
You bump into the rock wall.
Something hits you.
* * * LOW HITPOINT WARNING * * *
The sleepcap barely misses you.
You bump into the rock wall.
The sleepcap barely misses you. Something hits you.
* * * LOW HITPOINT WARNING * * *
You scratch the sleepcap.
The sleepcap is lightly damaged.
Something hits you.
* * * LOW HITPOINT WARNING * * *
The sleepcap closely misses you.
You scratch the sleepcap but do no damage.
The sleepcap is lightly damaged.
You hear some strange, mumbled words.
A magic dart appears from out of thin air!
The magic dart hits you.
* * * LOW HITPOINT WARNING * * *
The sleepcap releases spores at you but does no damage.
You bump into the rock wall.
Something hits you but does no damage. The sleepcap releases spores at you!
You die...

*,**,,***,,**,*
*,**,***
*,**,,,,,,,,,,*
*,**,,,,
*,***,***.,****
*,****** *,***,*
*..##* *,****,,
*,*<,,* *,...#*
***.,,**
*,*******,*#..##*
**..~,,*
*,,,,,,,,,***...*
**..h~~,, ***********
**#f#########oO~~~~~,
#.@{Sl).#...~~~h~~~
#######....~~~~~~~~
#####.##..~~~~~~~
#####..##..~~~~~,
###.....##.!~~~,,
###......##..~.,*
###......'##...**
###......#######.
###..............


You could see a sleepcap, an iguana and an adder.

Vanquished Creatures
  An ogre (D:5)
1 creature vanquished.

Notes
Turn   | Place    | Note
-------+----------+-------------------------------------------
     0 | D:5      | EnegeticOcto the Troll Delver began the quest for the Orb.
     0 | D:5      | Reached XP level 1. HP: 22/22 MP: 0/0
     8 | D:5      | Noticed an iguana
     8 | D:5      | Noticed a hound
     8 | D:5      | Noticed an ogre
    13 | D:5      | Noticed an orc wizard
    23 | D:5      | HP: 1/22 [ogre/+0 giant club (21)]
    27 | D:5      | Killed an ogre
    28 | D:5      | Reached skill level 4 in Unarmed Combat
    28 | D:5      | Reached XP level 2. HP: 7/29 MP: 1/1
    28 | D:5      | Reached XP level 3. HP: 8/36 MP: 2/2
    28 | D:5      | Reached XP level 4. HP: 10/44 MP: 3/3
    39 | D:5      | Slain by a sleepcap

Illustrated notes

Levels and vault maps discovered:
D:5:      layout_basic, amcnicky_mini_pool_medium, uniq_grinder

Skill      XL: |  1 |
---------------+----+-----
Unarmed Combat | 4 |  4.5
Fighting       | |  2.4
Dodging        | |  1.5
Stealth        | |  2.7

Action                     |  1- 3 |  4- 6 || total
---------------------------+-------+-------++-------
  Melee: Unarmed           |    11 |     5 ||    16
    Use: Scroll            |     1 |       ||     1
 Armour: Robe              |     4 |    11 ||    15
  Dodge: Dodged            |     4 |     3 ||     7

Table legend:
 A = Kills in this place as a percentage of kills in the entire game.
 B = Kills by you in this place as a percentage of kills by you in the entire game.
 C = Kills by friends in this place as a percentage of kills by friends in the entire game.
 D = Other kills in this place as a percentage of other kills in the entire game.
 E = Experience gained in this place as a percentage of experience gained in the entire game.
 F = Experience gained in this place divided by the number of levels of this place that you have seen.
                   A       B       C       D       E      F
               +-------+-------+-------+-------+-------+----------------------
         Total | 100.0 | 100.0 |   N/A |   N/A | 100.0 | 121.0
       Dungeon | 100.0 | 100.0 |   N/A |   N/A | 100.0 | 121.0
               +-------+-------+-------+-------+-------+----------------------
